asd, chaotic female vampiric Wizard --- --- ---------.-- --.--- |.--.--^...-- |.@..| |...........----f..|-- --...........- |...|... - --.---.......|--....---- .| --- |......- --...--....| --......-----.|......-- |.............--.....--------- |.....^........%.(%.).)......|. -....[....-------....------.|... |.........-- |......| |.....- --..---....| ..|...| ---.)..--- ------.| --...-- -|-.-- |..).)...| ----...--.| |....... ----.-- |.<.---..| |.........| |.......--.|..-- --..| ---- --..---...| |..............| ---- |..| --..| --........|....| ---- |..| ----.--.---.-- ---- - - --- asd the Thaumaturge Experience level: 7 Strength: 13 Dexterity: 13 Constitution: 14 Intelligence: 18 Wisdom: 9 Charisma: 13 Health: 0(54) Energy: 74(74) AC: 9 Gold: 279 Moves: 3190 Your Inventory: Coins $ - 279 gold pieces Amulets w - an uncursed amulet of strangulation Weapons a - a blessed +4 quarterstaff (weapon in hands) y - an uncursed +0 dagger E - 8 [uncursed +0] runed arrows [elven] I - a [cursed -2] dagger [of fumbling] Armor s - an uncursed +0 pair of kicking boots v - an [uncursed] +0 pair of riding gloves [leather] (being worn) A - an [uncursed +0] small shield B - an uncursed +0 studded leather armor G - an [uncursed +0] red-eyed shield [orcish] Comestibles u - an [uncursed stale] egg Spellbooks l - a blessed spellbook of force bolt m - an uncursed spellbook of extra healing Rings d - an uncursed +3 ring of gain strength (on left hand) Wands c - an uncursed wand of make invisible (0:8) t - an [uncursed] wand of light [0:11] D - an [uncursed] wand of fire [0:6] F - an [uncursed] wand of magic missile [0:3] Tools n - an uncursed magic marker (0:36) p - an [uncursed] lock pick H - an [uncursed] partly used [wax] candle (lit) Spells known in the end: Name Level Category Fail Memory a - force bolt 1 attack 0% [|||||||.] b - extra healing 3 healing 77% [|||||||.] Your skills at the end: Fighting Skills Weapon Skills quarterstaff [Basic / Expert] Spellcasting Skills attack spells [Basic / Expert] enchantment spells [Basic / Skilled] Final Attributes: You were piously aligned. Hunger level was 328. Your alignment was 25 / 25. Monster difficulty range was 0 - 6. Level difficulty was 5. You were immune to level-drain. You saw invisible. You could fly. You could survive without air. You regenerated. Your luck was zero. You are dead. Vanquished creatures: a leprechaun an ape 2 Mordor orcs a rock piercer a shrieker a gnome lord 2 floating eyes a kitten a rothe a giant bat a monkey a werejackal 5 iguanas an acid blob a coyote 4 hobbits 2 giant rats a cave spider 2 yellow molds 10 gnomes 2 geckos 4 jackals a fox 2 goblins 2 sewer rats 9 grid bugs 2 lichens 4 newts 66 creatures vanquished. Voluntary challenges: You used a wielded weapon 68 times. You read items or engraved 5 times. You put on armor 6 times. You never genocided any monsters. You never polymorphed an object. You changed form 1 time. You used no wishes. You never wrote Elbereth's name. You never encountered a bones level. You never used any Sokoban shortcuts. Dungeon overview: The Dungeons of Doom: levels 1 to 4 Level 1 a long staircase Level 3 an altar Level 4 stairs to The Gnomish Mines The Gnomish Mines: Level 5 <- You were here stairs to The Dungeons of Doom History has recorded: On T:1 you entered the Dungeons of Doom to retrieve the Amulet of Yendor! On T:301 you advanced to experience level 2. On T:584 you reached level 2 of The Dungeons of Doom. On T:647 you advanced to experience level 3. On T:909 you advanced to experience level 4. On T:1398 you reached level 3 of The Dungeons of Doom. On T:1466 you advanced to experience level 5. On T:1780 you reached level 4 of The Dungeons of Doom. On T:1937 you advanced to experience level 6. On T:2883 you reached level 1 of The Gnomish Mines. On T:2948 you advanced to experience level 7. Latest messages: [HP+1=46] [HP+1=47] [HP+1=48] [HP+1=49] [HP+1=50] The jaguar hits! (2x) The jaguar bites! [HP-12=38] The jaguar hits! (2x) The jaguar bites! [HP-10=28] You hit the jaguar! You bite the jaguar. The jaguar hits! (2x) The jaguar bites! The jaguar hits! (2x) The jaguar bites! [HP-23=5] You hit the jaguar! You bite the jaguar. The jaguar hits! (2x) You die... Final status: Goodbye asd the Wizard... You died in The Gnomish Mines on dungeon level 5 with 2530 points, and 279 pieces of gold, after 3190 moves. You were level 7 with a maximum of 54 hit points when you died.